 Dungeon Sprint DCSS version 0.22.0-16-gc6d26f6 (webtiles) character file.

274 poirepourri the Severer (level 7, -2/85 HPs)
             Began as a Minotaur Fighter on Aug 17, 2018.
             Was an Initiate of Gozag.
             Slain by the 27-headed Lernaean hydra (11 damage)
             ... in the Dungeon (Sprint VI: "Thunderdome").
             The game lasted 00:04:37 (559 turns).

poirepourri the Severer (Minotaur Fighter)           Turns: 559, Time: 00:04:37

Health: -2/85      AC:  9    Str: 23    XL:     7   Next: 58%
Magic:  15/15      EV: 12    Int: 13    God:    Gozag
Gold:   239        SH: 13    Dex: 23    Spells: 6/6 levels left

rFire    . . .     SeeInvis .   a - +0 war axe
rCold    . . .     Gourm    .   c - +0 shield
rNeg     . . .     Faith    .   b - +0 scale mail
rPois    +         Spirit   .   (helmet restricted)
rElec    .         Reflect  +   (no cloak)
rCorr    .         Harm     .   e - +1 pair of gloves of Loss {MR+}
MR       ++...     NoTele   +   m - +0 pair of boots "Foongiez" {rPois Str-3 Int+3} (curse)
Stlth    ..........             u - amulet "Tuqug" {Reflect Dex+2 SH+3}
HPRegen  0.24/turn              p - ring "Qasig" {MP+9 Dex+5}
MPRegen  0.14/turn              r - ring "Ebbyoch Faxi" {MR+ Int+5}

@: agile, berserking (expiring), very slightly contaminated, heavily drained,
invisible, very quick
A: retaliatory headbutt, horns 2
a: Potion Petition, Call Merchant, Bribe Branch, Renounce Religion


You were in the Dungeon.
You worshipped Gozag.
Gozag was aware of your devotion.
You were not hungry.

You visited 1 branch You collected 1635 gold pieces.
You spent 934 gold pieces at shops.
You paid 462 gold pieces to Gozag.

Inventory:

Hand Weapons
 a - a +0 war axe (weapon)
Armour
 b - a +0 scale mail (worn)
 c - a +0 shield (worn)
 e - the +1 pair of gloves of Loss (worn) {MR+}
   (You bought it in a shop in the Dungeon)

   It affects your resistance to hostile enchantments.
 m - the cursed +0 pair of boots "Foongiez" (worn) {rPois Str-3 Int+3}
   (You bought it in a shop in the Dungeon)

   It affects your strength (-3).
   It affects your intelligence (+3).
   It protects you from poison.
   It has a curse placed upon it.
Jewellery
 p - the ring "Qasig" (left hand) {MP+9 Dex+5}
   (You bought it in a shop in the Dungeon)

   [ring of magical power]

   It affects your dexterity (+5).
   It affects your magic capacity (+9).
 q - the amulet "Zatal" {Harm *Drain Str+4 Int+7}
   (You bought it in a shop in the Dungeon)

   [amulet of harm]

   It increases damage dealt and taken.
   It affects your strength (+4).
   It affects your intelligence (+7).
   It causes draining when unequipped.
 r - the ring "Ebbyoch Faxi" (right hand) {MR+ Int+5}
   (You bought it in a shop in the Dungeon)

   [ring of protection from magic]

   It affects your intelligence (+5).
   It affects your resistance to hostile enchantments.
 t - the amulet "Eblil" {+Rage +Fly rC+}
   (You bought it in a shop in the Dungeon)

   [amulet of rage]

   It protects you from cold.
   It lets you fly.
   It lets you go berserk.
 u - the amulet "Tuqug" (around neck) {Reflect Dex+2 SH+3}
   (You bought it in a shop in the Dungeon)

   [amulet of reflection]

   It shields you and reflects attacks.
   It affects your dexterity (+2).
   It affects your SH (+3).
Scrolls
 k - 2 scrolls of blinking
 o - 3 scrolls of fog
Potions
 d - a potion of might
 g - 4 potions of heal wounds
 h - 4 potions of haste
 i - 2 potions of magic
 j - a potion of berserk rage
 l - a potion of resistance
 s - a potion of mutation {unknown}
Comestibles
 f - a ration


   Skills:
 - Level 3.6(1.7) Fighting
 + Level 18.3(15.6) Axes
 - Level 3.6(1.7) Armour
 - Level 3.6(1.7) Shields


You had 6 spell levels left.
You didn't know any spells.
Your spell library was empty.

Dungeon Overview and Level Annotations

Branches:
Dungeon (1/1)

Altars:
Cheibriados
Dithmenos
Fedhas
Gozag
Kikubaaqudgha
Makhleb
Okawaru
Qazlal
Ru
Sif Muna
Trog
Uskayaw
Vehumet
Wu Jian
Xom
Yredelemnul
Zin
The Shining One
Beogh
Jiyva
Lugonu

Shops:
D *[%??*?*:[((!!!!

Annotations:
D Lernaean hydra


Innate Abilities, Weirdness & Mutations

You reflexively headbutt those who attack you in melee.
You have a pair of horns on your head.


Message History

You block the 27-headed Lernaean hydra's attack.
The 27-headed Lernaean hydra bites you! The 27-headed Lernaean hydra bites you.
The 27-headed Lernaean hydra closely misses you.
The 27-headed Lernaean hydra bites you. x3
The 27-headed Lernaean hydra bites you!
The 27-headed Lernaean hydra closely misses you.
The 27-headed Lernaean hydra bites you but does no damage. x2
The 27-headed Lernaean hydra bites you!
* * * LOW HITPOINT WARNING * * *
The 27-headed Lernaean hydra bites you.
* * * LOW HITPOINT WARNING * * *
The 27-headed Lernaean hydra closely misses you.
The 27-headed Lernaean hydra bites you but does no damage. x2
The 27-headed Lernaean hydra bites you!
* * * LOW HITPOINT WARNING * * *
You block the 27-headed Lernaean hydra's attack.
The 27-headed Lernaean hydra closely misses you.
The 27-headed Lernaean hydra bites you!
You die...
Your body crumbles into a pile of gold.

#.....# ##.....## ##∩.....∩##
#∩)).....∩# #_......._#
#_.(......# #_..(.(.._#
###....(....### #⌠....D@..().⌠#
######.8.))..[...8.######
##∩___......###......___∩##
###∩F.......8.# #.8....(...∩###
##."...........###.....(.......##
#⌠).........###...###)..(..[...⌠#
#⌠........F.# #.<.# #..........⌠#
#⌠..........###...###..........⌠#
##.............###....)........##


You could see the 27-headed Lernaean hydra and a spiny frog (wandering).

Vanquished Creatures
  A queen bee (D)
  Sigmund (D)
  2 big kobolds (D)
  5 killer bees (D)
  A hound (D)
  Ijyb (D)
  An adder (D)
  A leopard gecko (D)
  An orc (D)
  3 goblins (D)
  6 kobolds (D)
23 creatures vanquished.

Notes
Turn   | Place    | Note
-------+----------+-------------------------------------------
     0 | D        | poirepourri the Minotaur Fighter began the quest for the Orb.
     0 | D        | Reached XP level 1. HP: 19/19 MP: 0/0
     4 | D        | Found a shadowy altar of Dithmenos.
     4 | D        | Found a blossoming altar of Fedhas.
     5 | D        | Found a deep blue altar of Sif Muna.
     5 | D        | Found an iron altar of Okawaru.
     5 | D        | Round 1.
     6 | D        | Found a glowing golden altar of the Shining One.
     6 | D        | Found a sacrificial altar of Ru.
     7 | D        | Found Ifuleirph's Delicious Food.
     7 | D        | Found an ancient bone altar of Kikubaaqudgha.
     7 | D        | Found a burning altar of Makhleb.
     7 | D        | Found Zenuin's Identification Station.
     8 | D        | Found Xuido's Jewellery.
     8 | D        | Found Ucrasi's Advanced Armour.
     8 | D        | Found a roughly hewn altar of Beogh.
    16 | D        | Bought a faintly glowing bronze ring for 45 gold pieces
    16 | D        | Bought a brightly glowing iron amulet for 45 gold pieces
    16 | D        | Bought a smoking marble ring for 45 gold pieces
    17 | D        | Identified the ring "Qasig" {MP+9 Dex+5} (You bought it in a shop in the Dungeon)
    18 | D        | Identified the ring "Ebbyoch Faxi" {MR+ Int+5} (You bought it in a shop in the Dungeon)
    19 | D        | Identified the amulet "Zatal" {Harm *Drain Str+4 Int+7} (You bought it in a shop in the Dungeon)
    25 | D        | Found Jyklan's Magic Scroll Shop.
    26 | D        | Found Wuiffal's Magic Scroll Shop.
    26 | D        | Found Geass's Must-Have Magic.
    27 | D        | Found a radiant altar of Vehumet.
    27 | D        | Found a viscous altar of Jiyva.
    27 | D        | Found Ziuheluq's Staff Store.
    28 | D        | Reached skill level 3 in Axes
    31 | D        | Noticed a hound
    32 | D        | Found an opulent altar of Gozag.
    33 | D        | Found a stormy altar of Qazlal.
    34 | D        | Found a shimmering altar of Xom.
    36 | D        | Reached skill level 5 in Axes
    36 | D        | Reached XP level 2. HP: 23/26 MP: 1/1
    38 | D        | Reached skill level 6 in Axes
    41 | D        | Reached skill level 8 in Axes
    41 | D        | Reached XP level 3. HP: 27/31 MP: 2/2
    42 | D        | Found Jarrogimp's Distillery.
    43 | D        | Found Lagoerphutho's Distillery.
    43 | D        | Found Icsog's Bottled Wisdom.
    45 | D        | Noticed Sigmund
    47 | D        | Became a worshipper of Gozag Ym Sagoz the Greedy
    48 | D        | Found a basalt altar of Yredelemnul.
    48 | D        | Found a hide-covered altar of Uskayaw.
    48 | D        | Found Ezaezxi's Do-It-Yourself Clinic.
    55 | D        | Killed Sigmund
    55 | D        | Reached skill level 13 in Axes
    55 | D        | Reached XP level 4. HP: 31/39 MP: 3/3
    55 | D        | Reached XP level 5. HP: 36/45 MP: 4/4
    83 | D        | Arena points: 14 (+14) [x2]
   100 | D        | Found a bloodstained altar of Trog.
   142 | D        | Found a snail-covered altar of Cheibriados.
   146 | D        | Found an ornate altar of the Wu Jian Council.
   146 | D        | Found Itunerch's Premium Goods.
   146 | D        | Found Fijireva's Miscellaneous Merchandise.
   147 | D        | Found Nigux's Basic Armour.
   152 | D        | Found Unashra's Weapon Rack.
   152 | D        | Found a corrupted altar of Lugonu.
   152 | D        | Found a glowing silver altar of Zin.
   152 | D        | Round 2.
   176 | D        | Noticed Ijyb
   181 | D        | Killed Ijyb
   192 | D        | Reached skill level 14 in Axes
   192 | D        | Reached XP level 6. HP: 43/51 MP: 5/5
   242 | D        | Arena points: 50 (+36) [x3]
   285 | D        | Round 3.
   296 | D        | Noticed a queen bee
   307 | D        | Reached skill level 15 in Axes
   313 | D        | Killed a queen bee
   313 | D        | Reached skill level 17 in Axes
   313 | D        | Reached XP level 7. HP: 21/57 MP: 6/6
   340 | D        | Arena points: 134 (+84) [x4]
   340 | D        | Reached skill level 18 in Axes
   359 | D        | Round 4.
   362 | D        | Bought a pair of fine gloves for 332 gold pieces
   362 | D        | Bought a pair of smoking boots for 332 gold pieces
   367 | D        | Identified the +1 pair of gloves of Loss {MR+} (You bought it in a shop in the Dungeon)
   372 | D        | Identified the cursed +0 pair of boots "Foongiez" {rPois Str-3 Int+3} (You bought it in a shop in the Dungeon)
   380 | D        | Bought a wavering steel amulet for 45 gold pieces
   381 | D        | Identified the amulet "Memooleg" {Harm *Drain rPois} (You bought it in a shop in the Dungeon)
   382 | D        | Bought a glittering garnet amulet for 45 gold pieces
   383 | D        | Identified the amulet "Eblil" {+Rage +Fly rC+} (You bought it in a shop in the Dungeon)
   384 | D        | Bought a glittering crystal amulet for 45 gold pieces
   385 | D        | Identified the amulet "Tuqug" {Reflect Dex+2 SH+3} (You bought it in a shop in the Dungeon)
   446 | D        | Arena points: 274 (+140) [x5]
   506 | D        | Round 5.
   549 | D        | Noticed the 27-headed Lernaean hydra
   552 | D        | Noticed a spiny frog
   559 | D        | Slain by the 27-headed Lernaean hydra

Skill      XL: |  1  2  3  4  5  6  7 |
---------------+----------------------+-----
Axes           | 5 8 13 14 17 18 | 18.3
Fighting       | |  3.6
Armour         | |  3.6
Shields        | |  3.6

Action                   |  1- 3 |  4- 6 |  7- 9 || total
-------------------------+-------+-------+-------++-------
Melee: War axe           |    14 |    16 |    22 ||    52
       Headbutt          |     1 |     5 |     6 ||    12
Invok: Potion Petition   |       |       |     2 ||     2
Evoke: Wand              |       |     6 |     4 ||    10
  Use: Scroll            |       |     1 |     1 ||     2
       Potion            |       |     1 |       ||     1
 Stab: Invisible         |       |       |     2 ||     2
Armor: Scale mail        |     5 |     3 |     8 ||    16
Dodge: Dodged            |     7 |    10 |    10 ||    27
Block: Shield            |     7 |    17 |    14 ||    38
       Reflection        |       |       |     5 ||     5
